 Dungeon Crawl Stone Soup version 0.26.1-11-gd32895ea62 (webtiles) character file.

Game seed: 2642780924475011485

2993 raph the Arsonist (level 9, -7/48 HPs)
             Began as a Tengu Fire Elementalist on Apr 15, 2021.
             Was a Priest of Okawaru.
             Shot with a sling bullet by Joseph (10 damage)
             ... while paralysed by Maurice
             ... on level 8 of the Dungeon.
             The game lasted 00:31:33 (16775 turns).

raph the Arsonist (Tengu Fire Elementalist)        Turns: 16775, Time: 00:31:33

Health: -7/48      AC:  4    Str:  9    XL:     9   Next: 83%
Magic:  8/17       EV:  2    Int: 19    God:    Okawaru [***...]
Gold:   195        SH:  0    Dex: 14    Spells: 0/17 levels left

rFire    . . .     SeeInvis .   a - +1 morningstar (vorpal)
rCold    . . .     Faith    .   (no shield)
rNeg     . . .     Spirit   .   s - +0 robe
rPois    .         Reflect  .   (helmet restricted)
rElec    .         Harm     .   (no cloak)
rCorr    .         Rampage  .   g - +1 pair of gloves
Will     .....                  (boots unavailable)
Stlth    +++++.....             (no amulet)
HPRegen  0.16/turn              r - ring of stealth
MPRegen  0.15/turn              (no ring)

@: paralysed, mighty, heroism, flying quickly and evasively, quick
A: beak, talons 3, able to fly
a: Stop Flying, Renounce Religion, Heroism


You were on level 8 of the Dungeon.
You worshipped Okawaru.
Okawaru was most pleased with you.
You visited 1 branch of the dungeon, and saw 8 of its levels.
You also visited: Sewer.

You collected 520 gold pieces.
You spent 325 gold pieces at shops.

Inventory:

Hand Weapons
 a - a +1 vorpal morningstar (weapon)
 j - a +0 dagger
 u - a +0 hand crossbow
Missiles
 v - 48 bolts
Armour
 g - a +1 pair of gloves (worn)
 l - a -1 pair of gloves
 s - a +0 robe (worn)
 y - a +0 leather armour
Jewellery
 r - a ring of stealth (left hand)
Wands
 d - a wand of iceblast (10)
 A - a wand of acid (8)
Scrolls
 e - 2 scrolls of amnesia
 h - a scroll of blinking
 m - a scroll of fear
 n - a scroll of remove curse
 w - 2 scrolls of teleportation
Potions
 b - 6 potions of curing
 c - 3 potions of lignification
 f - a potion of degeneration {unknown}
 i - 2 potions of might
 k - 2 potions of invisibility
 o - 2 potions of cancellation
 p - 2 potions of flight
 q - a potion of mutation {unknown}
 t - a potion of magic
 x - 3 potions of brilliance
 z - a potion of resistance
 B - a potion of heal wounds


   Skills:
 + Level 2.1(7.1) Fighting
 + Level 2.3(7.3) Maces & Flails
 + Level 5.4(10.4) Dodging
 - Level 4.5(9.5) Stealth
 + Level 4.7 Spellcasting
 - Level 6.5 Conjurations
 * Level 9.4 Fire Magic
 + Level 3.5 Invocations


You couldn't memorise any spells.
You knew the following spells:

 Your Spells              Type           Power        Failure   Level
a - Foxfire               Conj/Fire      100%         1%          1
b - Conjure Flame         Conj/Fire      34%          1%          3
c - Sticky Flame          Conj/Fire      34%          4%          4
d - Fireball              Conj/Fire      17%          13%         5
e - Corona                Hex            4%           13%         1
f - Animate Skeleton      Necr           8%           13%         1
g - Blink                 Tloc           N/A          19%         2

Your spell library contained the following spells:

 Spells                   Type           Power        Failure   Level
 Magic Dart               Conj           100%         1%          1
 Inner Flame              Hex/Fire       22%          5%          3
 Apportation              Tloc           8%           13%         1
 Freeze                   Ice            16%          13%         1
 Summon Small Mammal      Summ           16%          13%         1
 Mephitic Cloud           Conj/Pois/Air  12%          16%         3
 Call Imp                 Summ           4%           19%         2
 Slow                     Hex            4%           19%         2
 Hailstorm                Conj/Ice       17%          32%         4
 Frozen Ramparts          Ice            8%           36%         3
 Ozocubu's Armour         Ice            4%           36%         3
 Summon Ice Beast         Ice/Summ       4%           77%         4


Dungeon Overview and Level Annotations

Branches:
Dungeon (8/15)             Temple (0/1) D:6           Sewer (visited)
   Lair: D:8-11

Altars:
Cheibriados
Dithmenos
Gozag
Okawaru
Qazlal
Ru
Trog
Xom
Zin
The Shining One

Shops:
D:7 :!   D:8 *

Annotations:
D:5 1 runed translucent door, Jaiteiro's ghost, novice TrFi
D:7 Gastronok
D:8 Joseph; Maurice


Innate Abilities, Weirdness & Mutations

You have a beak for a mouth.
You have claws for feet.
You can fly continuously.


Message History

You conjure some foxfire!
The foxfire hits Joseph.
Joseph is moderately wounded.
The foxfire hits Joseph.
Joseph is heavily wounded.
The foxfire hits Joseph.
Joseph is heavily wounded.
Joseph shoots a sling bullet.
The sling bullet barely misses you. The sling bullet hits your foxfire.
You hear a splash.
You feel very mighty all of a sudden.
The foxfire hits Joseph.
Joseph is heavily wounded.
The foxfire hits Maurice but does no damage.
Joseph shoots a sling bullet.
The sling bullet closely misses you.
You gain the combat prowess of a mighty hero.
Joseph shoots a sling bullet.
The sling bullet hits you!
* * * LOW HITPOINT WARNING * * *
Maurice zaps a wand.
You suddenly lose the ability to move!
Joseph shoots a sling bullet.
The sling bullet hits you!
You die...

##../......#
...........#
#.........#
#.........#
#.?...@...#
#..(......#
#≈≈≈≈SS≈#
#≈...@(≈#
#≈.⌠.⌠.≈.#
#≈..∩..≈@.#
#.≈.⌠.⌠.≈...#
#.≈.....≈....#
#.≈≈...≈≈......
##.≈._.≈.......
..≈...≈...._..


You could see Joseph, Maurice and 2 adders.

Vanquished Creatures
  2 phantoms
  2 ice beasts
  4 orc warriors
  Purgy (D:3)
  A sky beast (D:5)
  3 centaurs
  2 ogres
  A big kobold (D:4)
  A bullfrog (D:6)
  2 scorpions
  10 wights (D:7)
  An electric eel (D:6)
  A centaur zombie (D:7)
  4 hounds
  A jelly (D:6)
  A bullfrog skeleton (D:5)
  An orc priest (D:6)
  7 orc wizards
  6 worker ants
  A hound zombie (D:7)
  A hound skeleton (D:5)
  9 gnolls
  9 adders
  A shadow imp (D:4)
  2 white imps
  An ufetubus (D:7)
  2 oozes
  An adder zombie (D:5)
  2 adder skeletons
  2 worms (D:2)
  A dart slug (D:1)
  5 leopard geckos
  24 orcs
  11 bats
  8 giant cockroaches
  12 goblins
  8 hobgoblins
  14 jackals
  3 quokkas
  A ball python (Sewer)
  A ball python skeleton (D:6)
  13 frilled lizards
  A giant cockroach zombie (D:4)
  A jackal skeleton (D:6)
  17 kobolds
  2 leopard gecko skeletons
  8 rats
212 creatures vanquished.

Vanquished Creatures (collateral kills)
  6 foxfires
6 creatures vanquished.

Vanquished Creatures (others)
  764 foxfires
  78 plants
842 creatures vanquished.

Grand Total: 1060 creatures vanquished

Notes
Turn   | Place    | Note
-------+----------+-------------------------------------------
     0 | D:1      | raph the Tengu Fire Elementalist began the quest for the
                  | Orb.
     0 | D:1      | Reached XP level 1. HP: 10/10 MP: 4/4
   314 | D:1      | Reached XP level 2. HP: 15/15 MP: 3/6
  1404 | D:1      | Reached XP level 3. HP: 19/19 MP: 5/7
  1726 | D:2      | Found a shimmering altar of Xom.
  2055 | D:2      | Learned a level 3 spell: Conjure Flame
  2067 | D:2      | Reached skill level 4 in Fire Magic
  2347 | D:2      | Reached XP level 4. HP: 24/24 MP: 2/8
  2831 | D:2      | Found a glowing golden altar of the Shining One.
  2831 | D:2      | Found an iron altar of Okawaru.
  2836 | D:2      | Became a worshipper of Warmaster Okawaru
  4647 | D:3      | Found a glowing drain.
  4782 | Sewer    | Entered a sewer
  5018 | Sewer    | Gained mutation: You can fly continuously. [Tengu growth]
  5018 | Sewer    | Reached XP level 5. HP: 28/28 MP: 3/9
  6466 | D:3      | Found a shadowy altar of Dithmenos.
  6619 | D:3      | Noticed Purgy
  6632 | D:3      | Killed Purgy
  6633 | D:3      | Reached skill level 5 in Fire Magic
  6633 | D:3      | Reached XP level 6. HP: 32/32 MP: 0/11
  6728 | D:3      | Learned a level 4 spell: Sticky Flame
  7599 | D:4      | Found a bloodstained altar of Trog.
  7639 | D:4      | Noticed a phantom
  8103 | D:4      | Killed a phantom
  8104 | D:4      | Reached XP level 7. HP: 36/36 MP: 1/12
  8501 | D:4      | Reached * piety under Okawaru
  9108 | D:5      | Entered Level 5 of the Dungeon
  9266 | D:5      | Found a runed translucent door.
  9269 | D:5      | Noticed Jaiteiro's ghost (novice TrFi)
  9311 | D:5      | Reached skill level 6 in Fire Magic
  9588 | D:5      | Found a sacrificial altar of Ru.
 10017 | D:5      | Reached XP level 8. HP: 41/41 MP: 8/14
 10163 | D:5      | Found a snail-covered altar of Cheibriados.
 10800 | D:5      | Reached skill level 5 in Conjurations
 11106 | D:5      | Reached skill level 7 in Fire Magic
 11419 | D:5      | Reached ** piety under Okawaru
 11420 | D:5      | Reached skill level 1 in Invocations
 11511 | D:6      | Found a staircase to the Ecumenical Temple.
 11699 | D:6      | Learned a level 5 spell: Fireball
 12356 | D:6      | Reached skill level 8 in Fire Magic
 12406 | D:6      | Found an opulent altar of Gozag.
 12538 | D:6      | Reached XP level 9. HP: 38/45 MP: 2/16
 13662 | D:7      | Learned a level 1 spell: Corona
 13664 | D:7      | Learned a level 1 spell: Animate Skeleton
 13685 | D:7      | Found Jesarai's Book Emporium.
 13811 | D:7      | Bought a book of Minor Magic for 260 gold pieces
 13850 | D:7      | Found a stormy altar of Qazlal.
 14561 | D:7      | Found a shimmering altar of Xom.
 14632 | D:7      | Reached *** piety under Okawaru
 14633 | D:7      | Reached skill level 1 in Maces & Flails
 14879 | D:7      | Reached skill level 1 in Fighting
 15037 | D:7      | Found Zoiraol's Distillery.
 15044 | D:7      | Reached skill level 5 in Dodging
 15044 | D:7      | Reached skill level 9 in Fire Magic
 15167 | D:7      | Bought a potion of heal wounds for 65 gold pieces
 15872 | D:7      | Learned a level 2 spell: Blink
 15916 | D:8      | Noticed Gastronok
 16006 | D:8      | HP: 1/48 [Gastronok/the air (43)]
 16766 | D:8      | Found Gozag's Platinum Reserve.
 16766 | D:8      | Found an opulent altar of Gozag.
 16766 | D:8      | Found a glowing silver altar of Zin.
 16766 | D:8      | Noticed Joseph
 16769 | D:8      | Noticed Maurice
 16773 | D:8      | HP: 2/48 [Joseph/sling bullet (17)]
 16773 | D:8      | Paralysed by Maurice for 3 turns
 16775 | D:8      | Shot with a sling bullet by Joseph

Illustrated notes

Levels and vault maps discovered:
D:1:      moated_graveyard_arrival, layout_basic, chequers_serial_rivers_micro_d
D:2:      layout_loops_ring, gammafunk_temple_overflow_statue, serial_aquarium,
          aquarium_bridge_straight [aquarium_subvault_bridge,
          aquarium_subvault_wall, aquarium_subvault_bridge,
          aquarium_subvault_window], aquarium_bridge_square
          [aquarium_subvault_wall, aquarium_subvault_bridge,
          aquarium_subvault_balcony, aquarium_subvault_wall], aquarium_window_1,
          aquarium_window_fake, aquarium_window_corridor_3, aquarium_view_2f,
          aquarium_view_2b, aquarium_balcony_3a, aquarium_pool_split, tgw_xom
D:3:      layout_loops_cross, old_standard_altar, portal_sewer_entry_f,
          uniq_purgy
D:4:      layout_cave_pods, bloody_trog, lexackson_kobold_supper
D:5:      layout_loops_ring, grunt_temple_overflow_open, ebering_ghost_sewer_d
D:6:      wad_woods_pond, layout_rooms, nicolae_overflow_crystal_walls,
          minmay_temple_entry_offerings
D:7:      layout_gridville, overflow_temple_1_default,
          nicolae_qazlal_eye_of_the_storm, serial_shops, shop_coins,
          kennysheep_windowed_goal
D:8:      layout_rooms, lair_entry_dummy, basic_altar,
          nicolae_gozag_zags_fifth_avenue, uniq_joseph, uniq_gastronok,
          uniq_maurice, uniq_erica

Skill      XL: |  1  2  3  4  5  6  7  8  9 |
---------------+----------------------------+-----
Conjurations   | 2 3 4 6 |  6.5
Fire Magic     | 4 5 6 8 9 |  9.4
Dodging        | 3 4 5 |  5.4
Stealth        | 3 4 |  4.5
Spellcasting   | 3 4 |  4.7
Invocations    | 2 3 |  3.5
Maces & Flails | 2 |  2.3
Fighting       | 2 |  2.1

Action                   |  1- 3 |  4- 6 |  7- 9 || total
-------------------------+-------+-------+-------++-------
Melee: Dagger            |     7 |     7 |       ||    14
       Peck              |     2 |     7 |     5 ||    14
       Kick              |     1 |     9 |     7 ||    17
       Morningstar       |       |    64 |    40 ||   104
 Cast: Foxfire           |    50 |   151 |   298 ||   499
       Conjure Flame     |       |     1 |     8 ||     9
       Sticky Flame      |       |       |    15 ||    15
       Fireball          |       |       |    10 ||    10
       Blink             |       |       |     1 ||     1
Invok: Heroism           |       |       |     2 ||     2
 Abil: Fly               |       |     1 |       ||     1
  Use: Scroll            |       |    16 |     8 ||    24
       Potion            |       |       |     1 ||     1
 Stab: Sleeping          |       |     5 |     3 ||     8
Armor: Robe              |     8 |    24 |     1 ||    33
Dodge: Dodged            |    15 |    96 |    92 ||   203
